 Dungeon Crawl Stone Soup version 0.20.0-10-g0535bb4 (webtiles) character file.

611560 Zwobot the Slayer (level 26, -14/315 HPs)
             Began as a Demonspawn Wanderer on June 4, 2017.
             Was the Champion of Ru.
             Killed from afar by an orb of fire (44 damage)
             ... with a bolt of fire
             ... on level 5 of the Realm of Zot.
             The game lasted 03:18:27 (59653 turns).

Zwobot the Slayer (Demonspawn Wanderer)            Turns: 59653, Time: 03:18:28

Health: -14/315    AC: 38    Str: 30    XL:     26   Next: 77%
Magic:  25/31      EV: 13    Int: 18    God:    Ru [******]
Gold:   2371       SH:  5    Dex: 12    Spells: 12/25 levels left

rFire    + . .     SeeInvis .   a - +5 lajatang (speed)
rCold    + . .     Gourm    .   (shield currently unavailable)
rNeg     + . .     Faith    .   K - +4 gold dragon scales
rPois    +         Spirit   .   E - +1 helmet of the Unseen Realm {+Inv rPois}
rElec    +         Reflect  +   W - +4 cloak of the Lute {rElec Int+4 Dex-4}
rCorr    +         Harm     .   T - +0 pair of gloves of Moral Flaws {rF+}
MR       +....                  (boots unavailable)
Stlth    ..........             d - +5 amulet of reflection
Regen    0.7/turn               J - ring of Narac {rCorr rElec Slay+2}
MPRegen  0.3/turn               r - +6 ring of evasion

@: berserking (expiring), exhausted, very quick
A: talons 3, iridescent scales 3, blurry vision 1, cold resistance 1, deformed
body, frail 1, icemail, negative energy resistance 1, screaming 1, spiny 3, 50%
torment resistance, strong 2, black mark, freezing cloud immunity, hated by all,
inability to train dodging, MP-powered wands, unskilled 1, temperature sensitive
}: 3/15 runes: decaying, serpentine, silver
a: Draw Out Power, Power Leap, Apocalypse, Renounce Religion, Evoke Invisibility


You were on level 5 of the Realm of Zot.
You worshipped Ru.
Ru was exalted by your worship.
You were full.

You visited 9 branches of the dungeon, and saw 47 of its levels.
You visited 2 bazaars.
You visited 1 ziggurat, and saw 7 of its levels.
You also visited: Sewer.

You collected 5859 gold pieces.
You spent 3488 gold pieces at shops.

Inventory:

Hand Weapons
 a - a +5 lajatang of speed (weapon)
 b - a +2 arbalest of freezing
 H - a +9 lajatang of freezing
Missiles
 Z - 1848 bolts
Armour
 w - the scarf "Usyutzoh" {Dex+2 Slay+4}
   (You acquired it on level 4 of the Snake Pit)

   It affects your dexterity (+2).
   It affects your accuracy and damage with ranged weapons and melee attacks
   (+4).
 E - the +1 helmet of the Unseen Realm (worn) {+Inv rPois}
   (You bought it in a shop on level 5 of the Dungeon)

   It protects you from poison.
   It lets you turn invisible.
 K - +4 gold dragon scales (worn)
 T - the +0 pair of gloves of Moral Flaws (worn) {rF+}
   (You bought it in a shop on level 5 of the Dungeon)

   It protects you from fire.
 W - the +4 cloak of the Lute (worn) {rElec Int+4 Dex-4}
   (You acquired it on level 5 of the Depths)

   It affects your intelligence (+4).
   It affects your dexterity (-4).
   It insulates you from electricity.
Jewellery
 d - a +5 amulet of reflection (around neck)
 r - a +6 ring of evasion (right hand)
 y - an uncursed ring of protection from cold
 J - the ring of Narac (left hand) {rCorr rElec Slay+2}
   (You found it on level 4 of the Snake Pit)

   [ring of resist corrosion]

   It affects your accuracy and damage with ranged weapons and melee attacks
   (+2).
   It insulates you from electricity.
 O - an uncursed ring of protection from magic
 Q - the ring "Wusam" {Str+3 Slay+2}
   (You took it off a deep elf high priest on level 5 of the Vaults)

   [ring of strength]

   It affects your strength (+3).
   It affects your accuracy and damage with ranged weapons and melee attacks
   (+2).
Wands
 j - a wand of acid (6/15)
 l - a wand of digging (13/24)
 t - a wand of lightning (4/15)
 u - a wand of paralysis (11/24)
 z - a wand of confusion (24/48)
 D - a wand of digging (6/24)
 F - a wand of clouds (0/9)
 G - a wand of scattershot (0/9)
 P - a wand of iceblast (3/15)
 V - a wand of acid (8/15)
Scrolls
 e - 10 scrolls of fear
 g - 5 scrolls of vulnerability
 h - 4 scrolls of blinking
 i - 13 scrolls of teleportation
 k - 4 scrolls of magic mapping
 x - 8 scrolls of recharging
 L - 21 scrolls of remove curse
 M - 2 scrolls of identify
 N - 8 scrolls of fog
 U - 2 scrolls of silence
Potions
 c - 7 potions of haste
 m - 11 potions of curing
 n - 4 potions of magic
 p - 7 potions of brilliance
 q - a potion of resistance
 s - 9 potions of heal wounds
 v - 2 potions of berserk rage
 A - 5 potions of cancellation
 C - 2 potions of might
 I - 6 potions of mutation
 R - 4 potions of invisibility
 S - 2 potions of agility
 X - 3 potions of flight
Miscellaneous
 Y - a lightning rod (1/4)
Comestibles
 f - 26 bread rations
 o - 12 royal jellies
 B - 21 meat rations


   Skills:
 + Level 24.9 Fighting
   Level 0.8(11.4) Polearms
 - Level 16.9 Staves
 * Level 13.2 Crossbows
 - Level 20.6 Armour
 - Level 1.5 Stealth
 - Level 11.7 Evocations


You had 12 spell levels left.
You knew the following spells:

 Your Spells              Type           Power        Failure   Level  Hunger
a - Regeneration          Chrm/Necr      #.........   99%         3    ####...
b - Blink                 Tloc           N/A          97%         2    ###....
c - Controlled Blink      Tloc           N/A          100%        8    #######


Dungeon Overview and Level Annotations

Branches:
Dungeon (15/15)            Temple (1/1) D:7            Lair (6/6) D:8
  Swamp (4/4) Lair:2        Snake (4/4) Lair:2        Slime (0/5) Lair:6
    Orc (2/2) D:12            Elf (0/3) Orc:2        Vaults (5/5) D:14
  Crypt (0/3) Vaults:2     Depths (5/5) D:15            Zot (5/5) Depths:5

Altars:
Ashenzari
Cheibriados
Dithmenos
Elyvilon
Fedhas
Gozag
Hepliaklqana
Kikubaaqudgha
Makhleb
Nemelex Xobeh
Okawaru
Qazlal
Ru
Sif Muna
Trog
Uskayaw
Vehumet
Xom
Yredelemnul
Zin
The Shining One
Beogh

Shops:
D:5 [   D:8 *   Orc:2 %(*   Snake:1 ((   Snake:3 (?(   Vaults:1 [:   Vaults:3 *
Depths:1 !   Depths:5 =

Portals:
Hell: Depths:1 Depths:2 Depths:3 Depths:4 Depths:5
Abyss: Depths:2 Depths:4
Pandemonium: Depths:3 Depths:5

Annotations:
D:5 1 runed door
Lair:6 exclusion: 2 oklob plants


Innate Abilities, Weirdness & Mutations

You have claws for feet.
You are completely covered in iridescent scales. (AC +6)
Your flesh is cold resistant. (rC+)
A meltable icy envelope protects you from harm. (AC +0)
You resist negative energy. (rN+)
You are completely covered in sharp spines.
You are somewhat able to resist unholy torments (1 in 2 success).
Your melee attacks may debilitate your foes.
You are immune to freezing clouds.
You are hated by all.
You cannot train Dodging skill.
You are somewhat unskilled. (-1 Apt)
You are sensitive to extremes of temperature. (rF-, rC-)
Scrolls take you a little longer to read.
Armour fits poorly on your strangely shaped body.
You are frail. (-10% HP)
You occasionally shout uncontrollably at your foes.
Your muscles are very strong. (Str +4)
You expend magic power (3 MP) to strengthen your wands.


Message History

The orb of fire is heavily damaged.
You miss the orb of fire. Your kick misses the orb of fire.
The orb of fire is heavily damaged.
You chop the orb of fire into pieces!!! You claw the orb of fire.
The orb of fire is almost destroyed.
You slash the orb of fire!
You claw the orb of fire, but do no damage.
The orb of fire is almost destroyed.
The orb of fire glows bright magenta.
The bolt of fire hits you! You resist.
* * * LOW HITPOINT WARNING * * *
You miss the orb of fire. Your kick misses the orb of fire.
The orb of fire is almost destroyed.
You closely miss the orb of fire.
You claw the orb of fire, but do no damage.
The orb of fire is almost destroyed.
The orb of fire is engulfed in freezing vapours.
The orb of fire glows yellow.
The bolt of fire hits you! You resist.
You die...

*▓..............,,,,,,,,*,
**....?......*...,,,,,,,,**
*,...§§§.........,,,,,,,,**
*,..§§§§.........,,,,,,,,*
**..§.§..^.^.....,,,,,,,**
*▓.§.§.§........,,,,,***
*▓§§§§.§.......,,****
▓▓...§*##▓▓▓▓▓▓▓▓▓▓▓#
##......@............###
*#......$.........##....##
**........†.....^...###...#
*,..........^........###...
*,...................# ##..
*,.........^.........# #..
*,...........^.....[.# ##.
*,..........^........# #.
*,...................# ##.


You could see an orb of fire.

Vanquished Creatures
  A pandemonium lord (Zig:5)
  2 orbs of fire (Zot:5)
  2 ancient liches
  A juggernaut (Depths:3)
  Boris (Vaults:4)
  Vashnia (Snake:4)
  A curse toe (Zot:5)
  4 caustic shrikes
  3 Killer Klowns (Zot:5)
  6 golden dragons
  2 bone dragons (Depths:5)
  Nikola (Vaults:3)
  the Enchantress (Depths:1)
  2 liches
  2 electric golems
  8 tentacled monstrosities
  Rupert (D:15)
  2 titans (Vaults:5)
  9 Orb Guardians (Zot:5)
  2 quicksilver dragons
  13 sphinxes
  An Executioner (Zig:5)
  2 death cobs (Zot:5)
  A thorn hunter (Swamp:4)
  A tengu reaver (Vaults:5)
  5 storm dragons
  6 nagarajas
  6 draconian monks
  2 shadow dragons
  6 fire giants
  13 frost giants
  14 vault wardens
  A deep elf sorcerer (Vaults:5)
  A balrug (Depths:1)
  A draconian knight (Zot:5)
  2 ghost moths
  3 draconian scorchers
  4 draconian shifters
  A warmonger (Zig:5)
  20 ironheart preservers
  3 draconian annihilators
  19 very ugly things
  A war gargoyle (Vaults:5)
  25 stone giants
  An entropy weaver (shapeshifter) (D:15)
  2 entropy weavers
  3 spriggan defenders (Depths:1)
  3 vampire knights
  3 deep elf demonologists
  8 red draconians
  4 spark wasps
  A dire elephant (Lair:6)
  4 black draconians
  2 green draconians
  3 purple draconians
  3 yellow draconians
  15 ettins
  A deep elf annihilator (Vaults:1)
  3 white draconians
  3 deep elf death magi
  2 jiangshi (Depths:2)
  A minotaur (shapeshifter) (Vaults:5)
  8 fire dragons
  9 great orbs of eyes
  14 yaktaur captains
  2 deep elf high priests
  14 ice dragons
  13 naga warriors
  Fannar (Orc:1)
  38 vault guards
  25 ogre magi
  6 rakshasas
  4 spriggan air magi
  Erolcha (D:11)
  28 hydras
  2 catoblepae
  13 anacondas
  A dancing weapon (Vaults:5)
  2 ghost crabs
  4 vampire magi
  13 centaur warriors
  78 two-headed ogres
  8 alligators
  9 deep troll shamans
  An orc high priest (Orc:1)
  4 spriggan berserkers
  6 tengu warriors
  14 naga sharpshooters
  The ghost of MTVSty1e the Cleaver, a novice GrFi of Okawaru (D:9)
  20 death yaks
  12 deep troll earth magi
  A shock serpent (shapeshifter) (Vaults:5)
  4 shock serpents
  2 sun demons (Depths:1)
  Urug (D:12)
  15 hell knights
  4 deep elf knights
  A fire crab (Lair:4)
  2 soul eaters
  A sea snake (shapeshifter) (Vaults:4)
  A golden dragon zombie (Vaults:5)
  6 salamander mystics
  A sixfirhy (Depths:3)
  8 iron trolls
  An infernal demonspawn (Depths:3)
  3 skeletal warriors (Vaults:1)
  4 unseen horrors
  3 wizards
  A deep troll (shapeshifter) (Depths:2)
  4 spriggan druids
  14 swamp dragons
  6 flayed ghosts
  A torturous demonspawn (Zig:5)
  3 shambling mangroves
  32 deep trolls
  3 sea snakes
  4 glowing orange brains
  5 naga ritualists (Snake:4)
  13 deep elf archers
  6 necromancers
  18 ironbrand convokers
  A mana viper (shapeshifter) (D:15)
  4 phantasmal warriors (Vaults:5)
  20 deep elf magi
  6 wolf spiders
  Pikel (D:8)
  3 lindwurms (Lair:6)
  5 manticores
  4 oklob plants (Lair:6)
  An orb spider (Zig:4)
  10 mana vipers
  3 harpies (shapeshifter)
  An orc sorcerer (Orc:2)
  3 harpies (Vaults:2)
  14 orc knights
  A tengu skeleton (Vaults:5)
  A shining eye (Depths:5)
  37 ugly things
  11 cyclopes
  14 salamanders
  7 moths of wrath
  An ice statue (Orc:2)
  24 elephants
  An eye of devastation (Depths:5)
  A rust devil (Depths:3)
  41 black mambas
  10 guardian serpents
  17 vault sentinels
  4 torpor snails
  Maurice (D:12)
  A torpor snail (shapeshifter) (Vaults:5)
  22 naga magi
  3 gargoyles
  A smoke demon (Zig:5)
  An orange demon (Depths:3)
  25 spiny frogs
  A hellion (Depths:4)
  8 komodo dragons
  An efreet (D:15)
  62 yaktaurs
  A kobold demonologist (D:15)
  10 rime drakes
  A yaktaur (shapeshifter) (Depths:4)
  A tormentor (Depths:3)
  An ice devil (Zig:2)
  3 tengu conjurers
  8 freezing wraiths
  15 trolls
  2 red devils (Depths:4)
  A meliai (shapeshifter) (D:15)
  A queen bee (shapeshifter) (Vaults:3)
  A polar bear (shapeshifter) (Vaults:3)
  A polar bear (Lair:3)
  4 tyrant leeches
  11 blink frogs
  9 bog bodies
  64 slime creatures
  12 hornets
  Prince Ribbit (Lair:2)
  12 hippogriffs
  3 air elementals (Depths:4)
  8 dream sheep (Lair:6)
  A hippogriff (shapeshifter) (Depths:3)
  2 redbacks (Vaults:5)
  A spriggan (shapeshifter) (Depths:3)
  3 wraiths
  2 shadows
  9 wyverns
  A redback (shapeshifter) (Depths:4)
  9 spriggans
  2 water elementals (Depths:2)
  2 ushabtiu (Depths:5)
  2 humans (D:12)
  3 vampires
  68 yaks
  8 large abominations (Depths:2)
  A hog (shapeshifter) (Vaults:3)
  A basilisk (shapeshifter) (Vaults:5)
  2 hungry ghosts
  An elf skeleton (Vaults:5)
  2 chaos spawn (Depths:2)
  11 basilisks
  2 steam dragons
  16 vampire mosquitoes
  16 insubstantial wisps
  2 wargs
  58 nagas
  17 swamp worms
  16 water moccasins
  A soldier ant (D:5)
  3 acid dragons
  2 hell hounds
  A porcupine (shapeshifter) (Vaults:4)
  2 floating eyes (Depths:5)
  11 porcupines
  4 small abominations (Depths:2)
  An ice beast (shapeshifter) (Vaults:5)
  28 orc warriors
  3 sky beasts
  A black bear (shapeshifter) (Vaults:3)
  2 necrophages
  8 ice beasts
  12 swamp drakes
  4 slaves (D:8)
  13 boggarts
  2 black bears
  13 wolves
  4 phantoms
  77 ogres
  18 crocodiles
  19 centaurs
  A crocodile (shapeshifter) (D:15)
  10 big kobolds
  21 bullfrogs
  A big kobold (shapeshifter) (Vaults:5)
  A scorpion (shapeshifter) (Depths:1)
  A water moccasin skeleton (D:8)
  10 scorpions
  7 killer bees
  26 wights
  A howler monkey (shapeshifter) (Vaults:1)
  3 electric eels (D:11)
  13 howler monkeys
  4 bullfrog zombies
  9 crimson imps
  3 centaur zombies
  8 hounds
  3 jellies
  14 orc priests
  2 bullfrog skeletons
  6 centaur skeletons
  16 orc wizards
  An iron imp (D:9)
  Crazy Yiuf (D:3)
  Natasha (thrice) (D:2)
  7 iguanas
  12 worker ants
  A killer bee zombie (D:7)
  A hound zombie (D:6)
  5 hound skeletons
  11 gnolls
  18 adders
  5 river rats
  5 shadow imps
  2 oozes
  3 adder skeletons
  An adder zombie (D:8)
  4 worms
  5 dart slugs
  5 leopard geckos
  92 orcs
  10 bats
  12 giant cockroaches
  5 hobgoblins
  16 jackals
  9 quokkas
  20 ball pythons
  9 frilled lizards
  2 goblins (D:1)
  A jackal zombie (D:5)
  42 kobolds
  47 rats
  3 briar patches (Swamp:4)
  8 fungi
  9 plants
2348 creatures vanquished.

Vanquished Creatures (others)
  An Orb Guardian (Zot:5)
  A fire giant (Depths:1)
  A stone giant (Vaults:3)
  A very ugly thing (Depths:2)
  A jiangshi (Vaults:2)
  A spriggan air mage (Depths:1)
  A centaur warrior (D:14)
  A death yak (Lair:6)
  A naga sharpshooter (Snake:2)
  A deep elf archer (Vaults:1)
  2 deep elf magi
  An elephant (Lair:5)
  A black mamba (Snake:4)
  A guardian serpent (Snake:2)
  2 vault sentinels
  A yaktaur (Depths:5)
  A slime creature (Swamp:1)
  A wyvern (Lair:5)
  A wraith (Vaults:2)
  A swamp worm (Swamp:4)
  2 nagas
  3 ogres
  3 iguanas
  41 fungi
  73 plants
144 creatures vanquished.

Grand Total: 2492 creatures vanquished

Notes
Turn   | Place    | Note
-------+----------+-------------------------------------------
     0 | D:1      | Zwobot the Demonspawn Wanderer began the quest for the Orb.
     0 | D:1      | Zwobot set off with: a +2 spear, a +0 quarterstaff, a potion of curing, a +0 robe, a +0 dagger, a bread ration
     0 | D:1      | Reached XP level 1. HP: 19/19 MP: 2/2
   324 | D:1      | Gained mutation: Your flesh is cold resistant. (rC+) [demonic ancestry]
   324 | D:1      | Reached XP level 2. HP: 25/26 MP: 3/3
  1246 | D:1      | Reached skill level 5 in Fighting
  1293 | D:1      | Gained mutation: You are partially covered in sharp spines. [demonic ancestry]
  1293 | D:1      | Reached XP level 3. HP: 32/33 MP: 4/4
  1565 | D:2      | Reached skill level 1 in Staves
  1881 | D:2      | Reached XP level 4. HP: 39/39 MP: 5/5
  1889 | D:2      | Reached skill level 1 in Armour
  2075 | D:2      | Noticed Natasha
  2086 | D:2      | Killed Natasha
  2214 | D:2      | Noticed Natasha
  2219 | D:2      | Killed Natasha
  2219 | D:2      | Gained mutation: You are partially covered in iridescent scales. (AC +2) [demonic ancestry]
  2219 | D:2      | Reached XP level 5. HP: 22/44 MP: 6/6
  2413 | D:2      | Noticed Natasha
  2419 | D:2      | Killed Natasha
  2571 | D:3      | Found a runed door.
  2728 | D:3      | Found a glowing drain.
  2789 | Sewer    | Entered a sewer
  2875 | Sewer    | Reached XP level 6. HP: 51/51 MP: 7/7
  3408 | D:3      | Found a glowing golden altar of the Shining One.
  3817 | D:3      | Noticed Crazy Yiuf
  3823 | D:3      | Killed Crazy Yiuf
  3823 | D:3      | Gained mutation: You have sharp toenails. [demonic ancestry]
  3823 | D:3      | Reached XP level 7. HP: 51/56 MP: 8/8
  3961 | D:4      | Reached skill level 5 in Staves
  4504 | D:4      | Found a shimmering altar of Xom.
  4831 | D:5      | Entered Level 5 of the Dungeon
  4930 | D:5      | Found Cunt's Armour Boutique.
  5012 | D:5      | Found a runed door.
  5028 | D:5      | Found a runed door.
  5072 | D:5      | Gained mutation: You have razor-sharp toenails. [demonic ancestry]
  5072 | D:5      | Reached XP level 8. HP: 40/62 MP: 9/9
  5365 | D:5      | Found a shattered altar of Ashenzari.
  5479 | D:5      | Reached skill level 5 in Armour
  5529 | D:5      | Found an ancient bone altar of Kikubaaqudgha.
  5993 | D:6      | Gained mutation: You are immune to freezing clouds. [demonic ancestry]
  5993 | D:6      | Reached XP level 9. HP: 59/68 MP: 10/10
  6298 | D:6      | Got a slimy long sword
  6299 | D:6      | Identified the +6 long sword of the Walnut {flame, +Rage rC+ Int-3 Dex+2} (You found it on level 6 of the Dungeon)
  6385 | D:6      | Found a sacrificial altar of Ru.
  6415 | D:6      | Reached skill level 5 in Evocations
  6431 | D:6      | Became a worshipper of Ru the Awakened
  6712 | D:7      | Found a staircase to the Ecumenical Temple.
  6714 | D:7      | Found a white marble altar of Elyvilon.
  6786 | Temple   | Entered the Ecumenical Temple
  6996 | D:7      | Found a hide-covered altar of Uskayaw.
  6997 | D:7      | Noticed a hand axe
  6997 | D:7      | Noticed a dagger
  7074 | D:7      | Found a radiant altar of Vehumet.
  7278 | D:7      | Gained mutation: You are hated by all. [Ru sacrifice]
  7278 | D:7      | Reached * piety under Ru
  7727 | D:8      | Gained mutation: You are mostly covered in sharp spines. [demonic ancestry]
  7727 | D:8      | Reached XP level 10. HP: 51/74 MP: 16/16
  7956 | D:8      | Reached skill level 6 in Fighting
  7965 | D:8      | Noticed Pikel
  7971 | D:8      | Killed Pikel
  8002 | D:8      | Reached skill level 7 in Fighting
  8142 | D:8      | Found a staircase to the Lair.
  8199 | D:8      | Reached skill level 8 in Fighting
  8749 | D:8      | Reached skill level 9 in Fighting
  9059 | D:8      | Found Bourui Aggy's General Store.
  9327 | D:9      | Noticed MTVSty1e's ghost (novice GrFi)
  9362 | D:9      | Killed MTVSty1e's ghost
  9362 | D:9      | Reached skill level 10 in Fighting
  9547 | D:9      | Noticed a two-headed ogre
  9565 | D:9      | Killed a two-headed ogre
  9565 | D:9      | Reached XP level 11. HP: 37/92 MP: 17/17
 10301 | D:9      | Found a snail-covered altar of Cheibriados.
 10303 | D:9      | Noticed a two-headed ogre
 10347 | D:9      | Killed a two-headed ogre
 10685 | D:10     | Entered Level 10 of the Dungeon
 10944 | D:10     | Noticed a two-headed ogre
 10946 | D:10     | Killed a two-headed ogre
 11027 | D:10     | Reached skill level 11 in Fighting
 11184 | D:10     | Reached skill level 10 in Staves
 11449 | D:11     | Noticed Erolcha
 11531 | D:12     | Noticed Urug
 11540 | D:12     | Killed Urug
 11980 | D:12     | Found an iron altar of Okawaru.
 12040 | D:12     | Reached XP level 12. HP: 53/100 MP: 18/18
 12348 | D:12     | Noticed Maurice
 12360 | D:12     | Killed Maurice
 12456 | D:12     | Noticed a two-headed ogre
 12467 | D:12     | Killed a two-headed ogre
 12491 | D:12     | Noticed an ogre mage
 12541 | D:11     | Paralysed by Erolcha for 7 turns
 12552 | D:11     | Killed Erolcha
 13180 | D:11     | Gained mutation: You evolve. [mutagenic meat]
 13337 | D:11     | Noticed a tengu warrior
 13344 | D:11     | Killed a tengu warrior
 14398 | D:11     | Gained mutation: Your muscles are strong. (Str +2) [evolution]
 14398 | D:11     | Lost mutation: You evolve. [end of evolution]
 14790 | D:10     | Noticed a two-headed ogre
 14803 | D:10     | Killed a two-headed ogre
 15022 | Lair:1   | Entered Level 1 of the Lair of Beasts
 15360 | Lair:1   | Gained mutation: You are sensitive to extremes of temperature. (rF-, rC-) [Ru sacrifice]
 15360 | Lair:1   | Reached ** piety under Ru
 15360 | Lair:1   | Reached *** piety under Ru
 15442 | Lair:1   | Gained mutation: You resist negative energy. (rN+) [demonic ancestry]
 15442 | Lair:1   | Reached XP level 13. HP: 86/106 MP: 19/19
 15999 | Lair:2   | Found a staircase to the Swamp.
 16900 | Lair:2   | Gained mutation: You are somewhat unskilled. (-1 Apt) [Ru sacrifice]
 16900 | Lair:2   | Reduced skill Fighting to level 10
 16900 | Lair:2   | Reached **** piety under Ru
 16900 | Lair:2   | Reached ***** piety under Ru
 16935 | Lair:2   | Noticed Prince Ribbit
 16950 | Lair:2   | Killed Prince Ribbit
 17007 | Lair:2   | Found a staircase to the Snake Pit.
 18875 | Lair:4   | Reached skill level 10 in Armour
 18930 | Lair:4   | Gained mutation: You cannot train Dodging skill. [Ru sacrifice]
 18930 | Lair:4   | Reached ****** piety under Ru
 19108 | Lair:4   | Gained mutation: You are completely covered in sharp spines. [demonic ancestry]
 19108 | Lair:4   | Reached XP level 14. HP: 35/111 MP: 19/19
 20554 | Lair:5   | Learned a level 3 spell: Regeneration
 21443 | Lair:6   | Entered Level 6 of the Lair of Beasts
 21832 | Lair:6   | Found a staircase to the Slime Pits.
 22420 | Lair:6   | Reached skill level 11 in Fighting
 23500 | Lair:6   | Reached skill level 15 in Staves
 24093 | Lair:6   | Gained mutation: You have claws for feet. [demonic ancestry]
 24093 | Lair:6   | Reached XP level 15. HP: 61/119 MP: 21/21
 27232 | D:5      | Bought the +1 helmet of the Unseen Realm {+Inv rPois} for 332 gold pieces
 27630 | D:12     | Got an ancient broad axe {antimagic}
 27631 | D:12     | Identified the +7 broad axe "Plog" {antimagic, rPois rF- Int-2 SInv} (You took it off an ogre mage on level 12 of the Dungeon)
 28360 | D:13     | Reached skill level 12 in Fighting
 28613 | D:14     | Found a gate to the Vaults.
 29400 | D:14     | Found a burning altar of Makhleb.
 29557 | D:15     | Entered Level 15 of the Dungeon
 29649 | D:15     | Reached XP level 16. HP: 121/127 MP: 23/23
 29725 | D:15     | Reached skill level 10 in Evocations
 29749 | D:15     | Found a staircase to the Depths.
 30983 | D:12     | Found a roughly hewn altar of Beogh.
 30983 | D:12     | Found a staircase to the Orcish Mines.
 31158 | Orc:1    | Entered Level 1 of the Orcish Mines
 31403 | Orc:1    | Noticed Fannar
 31415 | Orc:1    | Killed Fannar
 32062 | Orc:2    | Entered Level 2 of the Orcish Mines
 32318 | Orc:2    | Found a staircase to the Elven Halls.
 32379 | Orc:2    | Found Nuokum Ewken's General Store.
 32384 | Orc:2    | Found Zeecronu's Assorted Antiques.
 32391 | Orc:2    | Found Coplun's Antique Weapon Shop.
 32725 | Orc:2    | Found Jicrewki's Food Shoppe.
 32835 | Orc:2    | Found a gateway to a bazaar.
 32860 | Bazaar   | Entered a bazaar
 32862 | Bazaar   | Found Duogy's Armour Boutique.
 32866 | Bazaar   | Found Ososi's Assorted Antiques.
 32866 | Bazaar   | Found Sowuocs's Food Boutique.
 32866 | Bazaar   | Found Bon Isach's Weapon Boutique.
 32885 | Bazaar   | Bought a pair of dazzling gloves for 313 gold pieces
 32899 | Bazaar   | Identified the +2 pair of gloves of the Learner {+Blink Regen+} (You bought it in a shop in a bazaar)
 32908 | Bazaar   | Bought a +0 lajatang for 165 gold pieces
 33107 | Orc:2    | Bought a lightning rod (4/4) for 520 gold pieces
 33382 | Swamp:1  | Entered Level 1 of the Swamp
 33383 | Swamp:1  | Gained mutation: You are robust. (+10% HP) [mutagenic meat]
 34499 | Swamp:2  | Reached skill level 13 in Fighting
 34644 | Swamp:3  | Gained mutation: You are mostly covered in iridescent scales. (AC +4) [demonic ancestry]
 34644 | Swamp:3  | Reached XP level 17. HP: 120/149 MP: 25/25
 35330 | Swamp:4  | Entered Level 4 of the Swamp
 35794 | Swamp:4  | Got a decaying rune of Zot
 36156 | Swamp:4  | Learned a level 2 spell: Blink
 36471 | Snake:1  | Entered Level 1 of the Snake Pit
 36739 | Snake:1  | Identified Koimocw's Reference Book on Sinister Arts
 36773 | Snake:1  | Reached skill level 14 in Fighting
 36848 | Snake:1  | Found Puecu's Weapon Shoppe.
 36848 | Snake:1  | Found Muocuopnu's Weapon Emporium.
 38079 | Snake:2  | Identified a scroll of acquirement
 38080 | Snake:2  | Got a warped buckler
 38565 | Snake:3  | Reached XP level 18. HP: 143/161 MP: 26/26
 38688 | Snake:3  | Found Zuarres's Weapon Emporium.
 38852 | Snake:3  | Found Cupaaci's Magic Scroll Shop.
 39358 | Snake:3  | Found Rafotus's Weapon Emporium.
 39745 | Snake:4  | Entered Level 4 of the Snake Pit
 39755 | Snake:4  | Got a sparkling bone ring
 39756 | Snake:4  | Identified the ring of Narac {rCorr rElec Slay+2} (You found it on level 4 of the Snake Pit)
 39782 | Snake:4  | Reached skill level 15 in Fighting
 40321 | Snake:4  | Noticed Vashnia
 40379 | Snake:4  | Killed Vashnia
 41506 | Snake:4  | Reached skill level 16 in Fighting
 41616 | Snake:4  | Reached skill level 15 in Armour
 41655 | Snake:4  | Got a distressingly furry scarf
 41669 | Snake:4  | Identified the scarf "Usyutzoh" {Dex+2 Slay+4} (You acquired it on level 4 of the Snake Pit)
 41827 | Snake:4  | Got a serpentine rune of Zot
 42157 | Vaults:1 | Entered Level 1 of the Vaults
 42295 | Vaults:1 | Gained mutation: A meltable icy envelope protects you from harm. (AC +0) [demonic ancestry]
 42295 | Vaults:1 | Reached XP level 19. HP: 67/172 MP: 27/27
 42335 | Vaults:1 | Found a flickering gateway to a bazaar.
 42350 | Bazaar   | Entered a bazaar
 42365 | Bazaar   | Found Mushre's Food Emporium.
 42365 | Bazaar   | Found Afeg's Magic Scroll Shoppe.
 42386 | Bazaar   | Found Disilo's Jewellery Emporium.
 42400 | Bazaar   | Bought a +5 amulet of reflection for 453 gold pieces
 42406 | Bazaar   | Bought a +6 ring of evasion for 858 gold pieces
 42451 | Bazaar   | Found Osiast's Antique Armour Emporium.
 42451 | Bazaar   | Found Atomyg's Antique Weapon Shoppe.
 42473 | Bazaar   | Found Nuczoy Alogu's Assorted Antiques.
 43280 | Vaults:1 | Found Plog's Armour Boutique.
 43637 | Vaults:1 | Found Raonuuw's Book Shop.
 43989 | Vaults:2 | Reached skill level 17 in Fighting
 44866 | Vaults:2 | Found a staircase to the Crypt.
 44869 | Vaults:2 | Gained mutation: You are somewhat able to resist unholy torments (1 in 2 success). [demonic ancestry]
 44869 | Vaults:2 | Reached XP level 20. HP: 187/187 MP: 28/28
 45566 | Vaults:3 | Found Ywkulid's Assorted Antiques.
 45575 | Vaults:3 | Bought a potion of haste for 460 gold pieces
 45688 | Vaults:3 | Reached skill level 18 in Fighting
 46046 | Vaults:3 | Noticed Nikola
 46057 | Vaults:3 | Killed Nikola
 47265 | Vaults:4 | Noticed Boris
 47275 | Vaults:4 | Killed Boris
 47275 | Vaults:4 | Reached skill level 19 in Fighting
 47708 | Vaults:5 | Entered Level 5 of the Vaults
 47710 | Vaults:5 | Gained mutation: Your melee attacks may debilitate your foes. [demonic ancestry]
 47710 | Vaults:5 | Reached XP level 21. HP: 198/198 MP: 29/29
 47712 | Vaults:5 | Noticed a golden dragon
 48036 | Vaults:5 | Got a silver rune of Zot
 48237 | Vaults:5 | Got a wavering tin ring
 48238 | Vaults:5 | Identified the ring "Wusam" {Str+3 Slay+2} (You took it off a deep elf high priest on level 5 of the Vaults)
 48867 | Vaults:5 | Reached skill level 20 in Fighting
 49048 | Vaults:5 | Noticed a golden dragon
 49054 | Vaults:5 | Killed a golden dragon
 49066 | Vaults:5 | Killed a golden dragon
 49248 | Vaults:5 | Noticed an ancient lich
 49252 | Vaults:5 | Killed an ancient lich
 49262 | Vaults:5 | Reached XP level 22. HP: 210/210 MP: 23/30
 49938 | Vaults:5 | Got a warped diamond amulet
 49939 | Vaults:5 | Identified the amulet "Hoiclawie" {Harm *Drain +Fly Int+4 Dex-2} (You found it on level 5 of the Vaults)
 49992 | Vaults:5 | Learned a level 8 spell: Controlled Blink
 50318 | D:15     | Noticed Rupert
 50333 | D:15     | Killed Rupert
 50361 | Depths:1 | Entered Level 1 of the Depths
 50395 | Depths:1 | Found Yfahoceu's Distillery.
 50444 | Depths:1 | Bought a potion of heal wounds for 55 gold pieces
 50444 | Depths:1 | Bought a potion of haste for 110 gold pieces
 50768 | Depths:1 | Noticed the Enchantress
 50774 | Depths:1 | Killed the Enchantress
 50932 | Depths:1 | Reached skill level 21 in Fighting
 50971 | Depths:1 | Gained mutation: Your muscles are very strong. (Str +4) [mutagenic meat]
 51254 | Depths:1 | Got faerie dragon scales
 51255 | Depths:1 | Identified the +1 faerie dragon scales {rPois MR+ rCorr Dex+2} (You took it off the Enchantress on level 1 of the Depths)
 51481 | Depths:1 | Found a gateway to Hell.
 51791 | Depths:2 | Noticed a caustic shrike
 51802 | Depths:2 | Killed a caustic shrike
 51881 | Depths:2 | Noticed a caustic shrike
 51891 | Depths:2 | Killed a caustic shrike
 51930 | Depths:2 | Noticed a caustic shrike
 51937 | Depths:2 | Killed a caustic shrike
 51937 | Depths:2 | Reached XP level 23. HP: 113/221 MP: 31/31
 53027 | Depths:2 | Reached skill level 22 in Fighting
 53106 | Depths:2 | Found a one-way gate to the infinite horrors of the Abyss.
 53808 | Depths:3 | Noticed a juggernaut
 53817 | Depths:3 | Killed a juggernaut
 53825 | Depths:3 | Noticed a caustic shrike
 53835 | Depths:3 | Killed a caustic shrike
 53950 | Depths:3 | Reached skill level 23 in Fighting
 54144 | Depths:3 | Paralysed by a great orb of eyes for 2 turns
 54222 | Depths:3 | Reached XP level 24. HP: 172/235 MP: 31/31
 54538 | Depths:3 | Found a one-way gate leading to the halls of Pandemonium.
 55513 | Depths:4 | Reached skill level 1 in Crossbows
 55766 | Depths:5 | Entered Level 5 of the Depths
 55849 | Depths:5 | Found a gateway to a ziggurat.
 55850 | Depths:5 | Paralysed by a floating eye for 4 turns
 55884 | Zig:1    | Entered Level 1 of a ziggurat
 56038 | Zig:2    | Entered Level 2 of a ziggurat
 56064 | Zig:3    | Entered Level 3 of a ziggurat
 56105 | Zig:4    | Entered Level 4 of a ziggurat
 56138 | Zig:5    | Entered Level 5 of a ziggurat
 56143 | Zig:5    | Noticed Kozi Zotips the pandemonium lord
 56166 | Zig:5    | Killed Kozi Zotips the pandemonium lord
 56166 | Zig:5    | Reached skill level 5 in Crossbows
 56343 | Zig:6    | Entered Level 6 of a ziggurat
 56378 | Zig:6    | Reached skill level 24 in Fighting
 56378 | Zig:6    | Reached XP level 25. HP: 245/245 MP: 28/31
 56384 | Zig:7    | Entered Level 7 of a ziggurat
 56389 | Zig:7    | Noticed a greater mummy
 56391 | Zig:7    | Noticed a greater mummy
 56469 | Depths:5 | Found Igremm's Jewellery Boutique.
 56814 | Depths:5 | Found a gate to the Realm of Zot.
 57037 | Depths:5 | Got a slimy cloak
 57048 | Depths:5 | Identified the +4 cloak of the Lute {rElec Int+4 Dex-4} (You acquired it on level 5 of the Depths)
 57558 | D:5      | Bought the +0 pair of gloves of Moral Flaws {rF+} for 222 gold pieces
 57960 | Zot:1    | Entered Level 1 of the Realm of Zot
 58201 | Zot:1    | Gained mutation: You are completely covered in iridescent scales. (AC +6) [demonic ancestry]
 58201 | Zot:1    | Reached XP level 26. HP: 195/255 MP: 25/31
 58219 | Zot:1    | Reached skill level 10 in Crossbows
 58710 | Zot:4    | Gained mutation: Scrolls take you a little longer to read. [the power of Zot]
 58710 | Zot:4    | Gained mutation: You expend magic power (3 MP) to strengthen your wands. [the power of Zot]
 58849 | Zot:5    | Entered Level 5 of the Realm of Zot
 58860 | Zot:5    | Noticed an orb of fire
 59286 | Zot:5    | Noticed an ancient lich
 59312 | Zot:5    | Killed an ancient lich
 59579 | Zot:5    | Noticed an orb of fire
 59580 | Zot:5    | Noticed an orb of fire
 59593 | Zot:5    | Noticed an orb of fire
 59596 | Zot:5    | Lost mutation: You are robust. (+10% HP) [an orb of fire]
 59598 | Zot:5    | Gained mutation: You are frail. (-10% HP) [an orb of fire]
 59602 | Zot:5    | Paralysed by the power of Zot for 4 turns
 59604 | Zot:5    | Gained mutation: Armour fits poorly on your strangely shaped body. [an orb of fire]
 59606 | Zot:5    | Gained mutation: You occasionally shout uncontrollably at your foes. [an orb of fire]
 59607 | Zot:5    | Killed an orb of fire
 59638 | Zot:5    | Killed an orb of fire
 59653 | Zot:5    | Killed from afar by an orb of fire

Skill      XL: |  1  2  3  4  5  6  7  8  9 10 11 12 13 14 15 16 17 18 19 20 21 22 23 24 25 26 |
---------------+-------------------------------------------------------------------------------+-----
Fighting       | 5 10 11 10 11 12 13 14 16 17 19 20 21 23 24 | 24.9
Staves         | 1 2 3 4 6 8 11 13 14 15 16 | 16.9
Armour         | 1 2 3 4 5 7 9 10 11 12 13 15 16 17 19 20 | 20.6
Evocations     | 8 7 8 9 11 | 11.7
Polearms       | 0 |  0.8
Dodging        | 0 |  0.0
Crossbows      | 6 9 13 | 13.2
Stealth        | |  1.5

Action                   |  1- 3 |  4- 6 |  7- 9 | 10-12 | 13-15 | 16-18 | 19-21 | 22-24 | 25-27 || total
-------------------------+-------+-------+-------+-------+-------+-------+-------+-------+-------++-------
Melee: Quarterstaff      |   140 |   170 |   326 |   861 |  1464 |   345 |       |       |       ||  3306
       Kick              |       |       |    90 |   273 |   588 |   522 |   509 |   719 |   310 ||  3011
       Long sword        |       |       |    10 |       |       |    24 |       |       |       ||    34
       Lajatang          |       |       |       |       |       |  1133 |  1200 |  1428 |   705 ||  4466
 Fire: Blowgun           |       |       |     4 |    16 |     3 |    17 |       |       |       ||    40
       Arbalest          |       |       |       |       |       |       |     2 |    17 |     1 ||    20
Throw: Tomahawk          |       |       |       |     1 |     3 |     9 |       |       |       ||    13
       Throwing net      |       |       |       |       |       |     1 |     1 |       |       ||     2
Invok: Sacrifice Love    |       |       |     1 |       |       |       |       |       |       ||     1
       Sacrifice Resista |       |       |       |     1 |       |       |       |       |       ||     1
       Apocalypse        |       |       |       |       |    10 |     9 |     3 |     6 |     3 ||    31
       Sacrifice Nimblen |       |       |       |       |     1 |       |       |       |       ||     1
       Sacrifice Skill   |       |       |       |       |     1 |       |       |       |       ||     1
       Draw Out Power    |       |       |       |       |     2 |     2 |     2 |     3 |     1 ||    10
 Abil: Evoke Invisibilit |       |       |       |       |       |     6 |     1 |       |     4 ||    11
       Evoke Berserk Rag |       |       |       |       |       |     1 |       |       |       ||     1
       Evoke Blink       |       |       |       |       |       |     1 |       |       |       ||     1
Evoke: Wand              |       |       |     3 |    72 |    58 |    30 |     3 |     4 |     5 ||   175
       Lightning rod     |       |       |       |       |       |     2 |       |     1 |       ||     3
  Use: Potion            |     2 |     3 |     2 |     7 |     4 |       |     4 |     3 |     9 ||    34
       Scroll            |     4 |    10 |     4 |    11 |    16 |    18 |     4 |    17 |    10 ||    94
 Stab: Sleeping          |     2 |       |       |       |       |       |       |       |       ||     2
       Paralysed         |       |       |     1 |    40 |    99 |    24 |    15 |    23 |     6 ||   208
       Confused          |       |       |       |     6 |     6 |     1 |       |       |       ||    13
       Distracted        |       |       |       |       |    17 |     8 |     7 |     5 |     2 ||    39
       Invisible         |       |       |       |       |    25 |    35 |    11 |     5 |    11 ||    87
       Held in net/web   |       |       |       |       |       |     1 |     1 |       |       ||     2
  Eat: Chunk             |     3 |    18 |    11 |    36 |    45 |    20 |    14 |     7 |       ||   154
       Fruit             |       |       |       |       |       |    26 |     9 |    14 |     3 ||    52
       Royal jelly       |       |       |       |       |       |       |       |     5 |     5 ||    10
Armor: Robe              |    28 |       |       |       |       |       |       |       |       ||    28
       Ring mail         |    24 |    39 |       |       |       |       |       |       |       ||    63
       Leather armour    |     1 |       |       |       |       |       |       |       |       ||     1
       Plate armour      |       |    74 |   218 |   237 |       |       |       |       |       ||   529
       Chain mail        |       |       |       |   139 |   216 |       |       |       |       ||   355
       Fire dragon scale |       |       |       |       |   355 |   826 |     7 |       |       ||  1188
       Gold dragon scale |       |       |       |       |       |       |   458 |   612 |   336 ||  1406
Dodge: Dodged            |   110 |    67 |    74 |   164 |   343 |   428 |   323 |   330 |   172 ||  2011
Block: Other             |       |       |       |       |       |       |   142 |   151 |    80 ||   373
       Reflection        |       |       |       |       |       |       |     8 |    10 |     4 ||    22
       Rpst.: Long sword |       |       |     1 |       |       |     4 |       |       |       ||     5
